 Dungeon Crawl Stone Soup version 0.31-a0-728-g01b46875f1 (webtiles) character file.

Game seed: 1979620353001179881

1389 Dittersdorf the Covered (level 8, -3/52 HPs)
             Began as a Gargoyle Fighter on Sept 11, 2023.
             Was a Believer of Okawaru.
             Slain by an ogre
             ... wielding a +0 giant spiked club
              (26 damage)
             ... on level 5 of the Dungeon.
             The game lasted 00:06:30 (5905 turns).

Dittersdorf the Covered (Gargoyle Fighter)          Turns: 5905, Time: 00:06:31

Health: -3/52      AC: 18    Str: 23    XL:     8   Next: 68%
Magic:  8/8        EV:  6    Int:  8    God:    Okawaru [**....]
Gold:   251        SH: 13    Dex:  9    Spells: 7/7 levels left

rFire   + . .        a - +0 flail
rCold   + . .        s - +0 tower shield
rNeg    + . .        k - +0 chain mail
rPois   ∞            q - +0 helmet
rElec   +            i - scarf {rC+ rF+}
rCorr   .            v - +0 pair of gloves
SInv    .            (no boots)
Will    .....        m - amulet of magic regeneration Stlth
                     (no ring)
HPRegen 0.28/turn    (no ring)
MPRegen 0.51/turn

%: no passive effects
@: no status effects
A: sickness immunity, AC +5, negative energy resistance 1, electricity
resistance, torment resistance 1, petrification resistance
a: Renounce Religion, Heroism


You were on level 5 of the Dungeon.
You worshipped Okawaru.
Okawaru was pleased with you.
You visited 1 branch of the dungeon, and saw 6 of its levels.

You collected 251 gold pieces.

Inventory:

Hand Weapons
 a - a +0 flail (weapon)
Missiles
 l - 2 throwing nets
Armour
 i - a scarf of resistance (worn)
 k - a +0 chain mail (worn)
 q - a +0 helmet (worn)
 s - a +0 tower shield (worn)
 v - a +0 pair of gloves (worn)
Jewellery
 m - an amulet of magic regeneration (around neck)
Wands
 u - a wand of flame (17)
Scrolls
 g - 5 scrolls of teleportation {unknown}
 h - 2 scrolls of identify {unknown}
 o - a scroll of enchant armour {unknown}
 p - a scroll of immolation {unknown}
 w - a scroll of acquirement {unknown}
 x - a scroll of silence {unknown}
 y - a scroll of blinking {unknown}
Potions
 b - a potion of heal wounds {unknown}
 c - a potion of invisibility {unknown}
 d - a potion of might
 e - 2 potions of ambrosia {unknown}
 f - 6 potions of curing {unknown}
 j - a potion of lignification {unknown}
 n - a potion of enlightenment {unknown}
 r - a potion of mutation {unknown}
 t - 3 potions of haste {unknown}


   Skills:
 + Level 6.5 Fighting
 + Level 5.4 Maces & Flails
 + Level 6.6 Armour
 + Level 6.5 Shields


You had 7 spell levels left.
You didn't know any spells.
Your spell library contained the following spells:

 Spells                   Type           Power      Damage    Failure   Level
 Wereblood                Tmut           0%         N/A       100%        2
 Volatile Blastmotes      Fire/Tloc      0%         2d10      100%        3
 Dispel Undead            Necr           0%         3d6       100%        4
 Fulminant Prism          Conj/Hex       0%         3d5       100%        4
 Iskenderun's Mystic Bla  Conj/Tloc      0%         2d3       100%        4
 Irradiate                Conj/Tmut      0%         3d11      100%        5
 Cigotuvi's Dreadful Rot  Necr/Pois/Air  Unusable   N/A       N/A         2
 Death Channel            Necr           Unusable   N/A       N/A         6

Dungeon Overview and Level Annotations

Branches:
Dungeon (6/15)             Temple (0/1) D:4

Altars:
Makhleb
Okawaru


Innate Abilities, Weirdness & Mutations

You are immune to sickness and miasma.
Your stone body is resilient. (AC +5)
You are immune to poison.
You resist negative energy. (rN+)
You are resistant to electric shocks. (rElec)
You are resistant to unholy torment.
You are immune to petrification.


Message History

You block the arrow.
The centaur shoots an arrow.
The arrow completely misses you.
The centaur shoots an arrow.
The arrow hits you but does no damage.
The centaur shoots an arrow.
The arrow hits you but does no damage.
The centaur shoots an arrow.
The arrow hits you but does no damage.
The centaur shoots an arrow.
The arrow hits you.
There is a stone staircase leading up here.
You climb upwards.
There is a stone staircase leading down here.
You start resting.
HP restored.
You climb downwards.
You block the ogre's attack.
The centaur shoots an arrow.
You block the arrow.
The centaur shoots an arrow.
You block the arrow.
There is a stone staircase leading up here.
The ogre hits you with a +0 giant spiked club!
The centaur shoots an arrow.
The arrow hits you.
You climb upwards.
There is a stone staircase leading down here.
You barely miss the ogre. You block the ogre's attack.
You hit the ogre.
The ogre is lightly wounded.
The ogre hits you with a +0 giant spiked club!
You are too injured to fight recklessly!
You are too injured to fight recklessly!
You are too injured to fight recklessly!
You are too injured to fight recklessly!
You are too injured to fight recklessly!
You are too injured to fight recklessly!
You are too injured to fight recklessly!
You are too injured to fight recklessly!
You are too injured to fight recklessly!
You are too injured to fight recklessly!
You are too injured to fight recklessly!
You are too injured to fight recklessly!
You are too injured to fight recklessly!
You sock the ogre!
The ogre is heavily wounded.
The ogre hits you with a +0 giant spiked club!!
Ouch! That really hurt!
You die...

###..##...................#.
#...................##......
#...#..............####.....
#..###............## ##....
#..# ##..........## ##...
#.## #.........## #... #.#
#........## #... ##.#
#.....O..# #... #..#
#....@...## ##... #.##
#.........### #.... #.#
##...........#######.## #.#
#............#≈≈≈≈≈### #.#
#.........####≈⌠.⌠§#
#.#####........## #≈§§.≈###
#.##..........## #§⌠.⌠≈#.##
#............## #§≈§≈≈#..#
#.#######...## ###'###...


You could see an ogre.

Vanquished Creatures
  Grinder (D:3)
  An ogre (D:4)
  5 scorpions
  4 wights
  A howler monkey (D:5)
  6 hounds
  An orc priest (D:4)
  Crazy Yiuf (D:3)
  A jelly (D:5)
  3 orc wizards
  Robin (D:2)
  8 adders
  A shadow imp (D:6)
  A white imp (D:4)
  2 worms
  5 dart slugs
  6 orcs
  9 ball pythons
  6 endoplasms
  A giant cockroach (D:1)
  12 hobgoblins
  8 jackals
  2 quokkas (D:2)
  5 bats
  6 frilled lizards
  19 goblins
  11 kobolds
  4 rats
131 creatures vanquished.

Notes
Turn   | Place    | Note
-------+----------+-------------------------------------------
     0 | D:1      | Dittersdorf the Gargoyle Fighter began the quest for the
                  | Orb.
     0 | D:1      | Reached XP level 1. HP: 14/14 MP: 1/1
   257 | D:1      | Reached XP level 2. HP: 17/19 MP: 2/2
   673 | D:1      | Reached XP level 3. HP: 21/23 MP: 3/3
  1070 | D:2      | Found an iron altar of Okawaru.
  1093 | D:2      | Became a worshipper of Warmaster Okawaru
  1130 | D:2      | Reached XP level 4. HP: 29/29 MP: 4/4
  1839 | D:3      | Noticed Robin
  1847 | D:3      | Reached XP level 5. HP: 30/33 MP: 5/5
  2011 | D:2      | Killed Robin
  2385 | D:3      | Noticed Grinder
  2397 | D:3      | Paralysed by Grinder for 2 turns
  2411 | D:3      | Paralysed by Grinder for 5 turns
  2425 | D:3      | Killed Grinder
  2425 | D:3      | Reached * piety under Okawaru
  2426 | D:3      | Reached XP level 6. HP: 13/40 MP: 6/6
  2550 | D:3      | Found a faded altar of an unknown god.
  2642 | D:3      | Found a runed translucent door.
  2643 | D:3      | Noticed Crazy Yiuf
  2891 | D:3      | Killed Crazy Yiuf
  2892 | D:3      | Reached skill level 5 in Armour
  2988 | D:4      | Reached skill level 5 in Fighting
  2988 | D:4      | Reached skill level 5 in Shields
  2988 | D:4      | Reached XP level 7. HP: 43/44 MP: 7/7
  3080 | D:4      | Reached ** piety under Okawaru
  3433 | D:4      | Found a staircase to the Ecumenical Temple.
  4191 | D:5      | Entered Level 5 of the Dungeon
  4288 | D:5      | Reached XP level 8. HP: 21/51 MP: 8/8
  4295 | D:5      | HP: 2/51 [wight/+0 great sword (11)]
  4755 | D:5      | Reached skill level 5 in Maces & Flails
  5508 | D:5      | Found a burning altar of Makhleb.
  5905 | D:5      | Slain by an ogre

Illustrated notes

Levels and vault maps discovered:
D:1:      dpeg_arrival_rooms_with_view, layout_loops_corners
D:2:      minmay_alternating_diamond, layout_rooms, basic_altar, serial_rivers,
          chequers_serial_rivers_small_a, chequers_serial_rivers_micro_d,
          chequers_serial_rivers_micro_b, chequers_serial_rivers_small_3,
          feat_on_display
D:3:      wander_river, layout_loops_ring,
          dreamdust_ecumenical_altar_sealed_demon, grunt_decor_one_mirror,
          grunt_ministairs_9, nicolae_kite_square_tiling_tiny, uniq_grinder,
          uniq_robin, uniq_crazy_yiuf_cottage
D:4:      layout_basic, temple_pool_b, serial_bayou, serial_bayou_pond_d,
          serial_bayou_shore_a, serial_bayou_pond_c, serial_bayou_pond_b
D:5:      layout_layer_cave, kennysheep_little_box
D:6:      layout_gridville, ebering_ghost_rock_garden

Skill      XL: |  1  2  3  4  5  6  7  8 |
---------------+-------------------------+-----
Armour         | 4 5 6 |  6.6
Shields        | 4 5 6 |  6.5
Fighting       | 4 5 6 |  6.5
Maces & Flails | 3 4 5 |  5.4

Action                     |  1- 3 |  4- 6 |  7- 9 || total
---------------------------+-------+-------+-------++-------
  Melee: Flail             |   133 |   195 |   238 ||   566
 Armour: Scale mail        |   111 |    37 |       ||   148
         Chain mail        |       |   195 |   215 ||   410
  Dodge: Dodged            |    73 |    96 |    52 ||   221
  Block: Buckler           |    35 |    62 |       ||    97
         Tower shield      |       |    39 |   173 ||   212

Table legend: (Time is in decaauts)
 A = Elapsed time spent in this place.
 B = Non-inter-level travel time spent in this place.
 C = Inter-level travel time spent in this place.
 D = Time resting spent in this place.
 E = Time spent auto-exploring this place.
 F = Levels seen in this place.
 G = Mean time per level.
                   A        B        C        D        E       F      G
               +--------+--------+--------+--------+--------+-----+--------+
         Total |   6191 |   5877 |    314 |    605 |   3948 |   6 | 1031.8 |
       Dungeon |   6191 |   5877 |    314 |    605 |   3948 |   6 | 1031.8 |
               +--------+--------+--------+--------+--------+-----+--------+

Top non-repeatable levels by time:
     D:4: 1679 daAuts
     D:5: 1345 daAuts
     D:3: 1186 daAuts
     D:1: 1095 daAuts
     D:2: 840 daAuts
     D:6: 43 daAuts
